 Dungeon Sprint DCSS version 0.20-a0-876-g2c7b0bf (webtiles) character file.

564 esc the Fighter (level 7, -11/90 (93) HPs)
             Began as a Demonspawn Berserker on Mar 15, 2017.
             Was a Believer of Trog.
             Mangled by a tyrant leech (30 damage)
             ... in the Dungeon (Sprint II: "The Violet Keep of Menkaure").
             The game lasted 00:02:08 (218 turns).

esc the Fighter (Demonspawn Berserker)               Turns: 218, Time: 00:02:09

HP:   -11/90 (93)   AC:  2    Str: 25    XL:     7   Next: 10%
MP:   7/7           EV: 24    Int:  8    God:    Trog [**....]
Gold: 243           SH:  0    Dex: 17    Spells: 6/6 levels left

rFire    . . .     SeeInvis .   a - +0 falchion
rCold    . . .     Gourm    .   b - +0 animal skin
rNeg     . . .     Faith    .   (no shield)
rPois    .         Spirit   .   (no helmet)
rElec    .         Reflect  .   (no cloak)
rCorr    .         Harm     .   (no gloves)
MR       .....     NoTele   +   (boots unavailable)
Stlth    ..........             (no amulet)
Regen    0.3/turn               (no ring)
MPRegen  0.1/turn               (no ring)

@: agile, berserking (expiring), very quick
A: talons 3, repulsion field 1, powered by pain 1
a: Berserk, Trog's Hand, Burn Spellbooks, Renounce Religion


You were in the Dungeon.
You worshipped Trog.
Trog was pleased with you.
You were not hungry.

You visited 1 branch You collected 243 gold pieces.

Inventory:

Hand Weapons
 a - a +0 falchion (weapon)
Armour
 b - a +0 animal skin (worn)
Scrolls
 i - a scroll of blinking {!r}
Potions
 d - a potion of curing
 e - a potion of heal wounds
 f - a potion of haste
 g - 2 potions of magic
 h - a potion of berserk rage {!q}
Comestibles
 c - a bread ration {@e1}


   Skills:
 + Level 8.3 Fighting
 + Level 7.6 Long Blades
 + Level 7.2 Armour
 + Level 7.2 Dodging


You had 6 spell levels left.
You didn't know any spells.

Dungeon Overview and Level Annotations

Branches:
Dungeon (1/1)

Altars:


Innate Abilities, Weirdness & Mutations

You have claws for feet.
You are surrounded by a mild repulsion field. (EV +2)
You sometimes gain a little power by taking damage.


Message History

You have reached level 6!
Your experience leads to an increase in your attributes!
Increase (S)trength, (I)ntelligence, or (D)exterity?
You feel stronger.
Your demonic ancestry asserts itself...
Your feet stretch into talons.
You regained 5 hp, and now have 34/53 hp.
MP restored: 6 Unknown command.
There is an open door here.
Things that are here:
a necrophage corpse x3
Describe a (M)onster, (S)pell, s(K)ill, (A)bility, (C)ard, (I)tem, (F)eature, (G)od, (B)ranch, c(L)oud or s(T)atus?
Describe a status; partial names and regexps are fine.
Describe what?
Describe a (M)onster, (S)pell, s(K)ill, (A)bility, (C)ard, (I)tem, (F)eature, (G)od, (B)ranch, c(L)oud or s(T)atus?
Okay, then.
You start resting.
You feel yourself speed up.
You start resting.
You feel less exhausted.
You start resting.
You feel your health improve.
You start resting.
Health restored: 53 You now have 243 gold pieces.
You have 243 gold pieces.
There is an open door here.
Things that are here:
a necrophage corpse x3
As you open the door, it creaks loudly! 2 tyrant leeches come into view.
Your skin crawls.
You feel resistant to hostile enchantments.
You feel somewhat more hungry.
A red film seems to cover your vision as you go berserk!
You feel yourself moving faster!
You feel mighty!
You feel quite a bit more hungry. The tyrant leech bites you!!
The tyrant leech draws strength from your injuries!
You now have 55/79 hp.
You hit the tyrant leech. Your kick misses the tyrant leech.
You closely miss the tyrant leech. You claw the tyrant leech.
You slash the tyrant leech! You claw the tyrant leech.
The tyrant leech misses you.
You riposte.
You slash the tyrant leech! You claw the tyrant leech!
You barely miss the tyrant leech. Your kick misses the tyrant leech.
You slash the tyrant leech! You claw the tyrant leech.
The tyrant leech bites you.
The tyrant leech draws strength from your injuries!
You take 3 damage, and have 55/79 hp.
You slash the tyrant leech! Your kick misses the tyrant leech.
You completely miss the tyrant leech. Your kick misses the tyrant leech.
You feel the effects of Trog's Hand fading.
The tyrant leech misses you.
You riposte.
You hit the tyrant leech but do no damage.
You claw the tyrant leech. You slash the tyrant leech!
You kill the tyrant leech!
Trog accepts your kill.
Your Fighting skill increases to level 8!
Your Long Blades skill increases to level 7!
Your Armour skill increases to level 7!
Your Dodging skill increases to level 7!
You have reached level 7!
Your demonic ancestry asserts itself...
You begin to radiate repulsive energy.
You regained 9 hp, and now have 66/90 hp.
MP restored: 7 You completely miss the tyrant leech.
Your kick misses the tyrant leech. You hit the tyrant leech.
Your kick misses the tyrant leech. The tyrant leech bites you!
The tyrant leech draws strength from your injuries!
You take 8 damage, and have 59/90 hp.
You slash the tyrant leech! You slash the tyrant leech!
Your kick misses the tyrant leech. The tyrant leech bites you!
You focus on the pain.
You feel agile all of a sudden.
The tyrant leech draws strength from your injuries!
You take 13 damage, and have 47/90 hp.
You closely miss the tyrant leech. Your kick misses the tyrant leech.
You barely miss the tyrant leech. You claw the tyrant leech.
Your skin stops crawling.
You feel less resistant to hostile enchantments.
The tyrant leech bites you.
The tyrant leech draws strength from your injuries!
You take 2 damage, and have 46/90 hp.
You barely miss the tyrant leech. You claw the tyrant leech!
The tyrant leech misses you.
You slash the tyrant leech! Your kick misses the tyrant leech.
You miss the tyrant leech. Your kick misses the tyrant leech.
The tyrant leech bites you!!
* * * LOW HITPOINT WARNING * * *
The tyrant leech draws strength from your injuries!
You take 27 damage, and have 19/90 hp.
MASSIVE DAMAGE!!
You are too injured to fight recklessly!
You hit the tyrant leech. Your kick misses the tyrant leech.
You slash the tyrant leech! Your kick misses the tyrant leech.
You hit the tyrant leech. Your kick misses the tyrant leech.
The tyrant leech bites you!!
You die...

## ## ##.
.## .. ..
### $#.
##.###w#
#...##@##
+.##†.<.+
#...##.##
##.###+#
###


You could see a tyrant leech.

Vanquished Creatures
  A tyrant leech (D)
  4 necrophages (D)
5 creatures vanquished.

Vanquished Creatures (others)
  Menkaure (D)
  A crocodile (D)
2 creatures vanquished.

Grand Total: 7 creatures vanquished

Notes
Turn   | Place    | Note
-------+----------+-------------------------------------------
     0 | D        | esc the Demonspawn Berserker began the quest for the Orb.
     0 | D        | Reached XP level 1. HP: 18/18 MP: 1/1
     1 | D        | Noticed a necrophage
     1 | D        | Noticed a necrophage
     1 | D        | Noticed a necrophage
     1 | D        | Noticed a necrophage
    11 | D        | Killed a necrophage
    11 | D        | Reached skill level 5 in Fighting
    11 | D        | Reached skill level 4 in Long Blades
    11 | D        | Reached skill level 4 in Armour
    11 | D        | Reached skill level 4 in Dodging
    11 | D        | Gained mutation: You have sharp toenails. [demonic ancestry]
    11 | D        | Reached XP level 2. HP: 25/25 MP: 2/2
    11 | D        | Reached XP level 3. HP: 31/31 MP: 3/3
    11 | D        | Gained mutation: You have razor-sharp toenails. [demonic ancestry]
    11 | D        | Reached XP level 4. HP: 37/37 MP: 4/4
    14 | D        | Killed a necrophage
    14 | D        | Reached skill level 6 in Fighting
    14 | D        | Reached skill level 5 in Long Blades
    14 | D        | Reached skill level 5 in Armour
    14 | D        | Reached skill level 5 in Dodging
    14 | D        | Gained mutation: You sometimes gain a little power by taking damage. [demonic ancestry]
    14 | D        | Reached XP level 5. HP: 44/44 MP: 5/5
    17 | D        | Killed a necrophage
    17 | D        | Reached ** piety under Trog
    17 | D        | Reached skill level 6 in Long Blades
    20 | D        | Killed a necrophage
    20 | D        | Reached skill level 7 in Fighting
    20 | D        | Reached skill level 6 in Armour
    20 | D        | Reached skill level 6 in Dodging
    20 | D        | Gained mutation: You have claws for feet. [demonic ancestry]
    20 | D        | Reached XP level 6. HP: 34/53 MP: 6/6
    68 | D        | Killed Menkaure
   196 | D        | Noticed a tyrant leech
   196 | D        | Noticed a tyrant leech
   206 | D        | Killed a tyrant leech
   206 | D        | Reached skill level 8 in Fighting
   206 | D        | Reached skill level 7 in Long Blades
   206 | D        | Reached skill level 7 in Armour
   206 | D        | Reached skill level 7 in Dodging
   206 | D        | Gained mutation: You are surrounded by a mild repulsion field. (EV +2) [demonic ancestry]
   206 | D        | Reached XP level 7. HP: 60/60 MP: 7/7
   215 | D        | HP: 19/90 [tyrant leech (28)]
   218 | D        | Mangled by a tyrant leech

Vault maps used:
D:        the_violet_keep_of_menkaure

Skill      XL: |  1  2  3  4  5  6 |
---------------+-------------------+-----
Fighting       | 5 6 7 8 |  8.3
Long Blades    | 4 5 6 7 |  7.6
Armour         | 4 5 6 7 |  7.2
Dodging        | 4 5 6 7 |  7.2

Action                   |  1- 3 |  4- 6 |  7- 9 || total
-------------------------+-------+-------+-------++-------
Melee: Falchion          |     9 |    17 |    12 ||    38
       Kick              |       |    10 |     2 ||    12
Invok: Berserk           |     1 |     1 |       ||     2
       Trog's Hand       |       |     1 |       ||     1
Armor: Animal skin       |     1 |       |       ||     1
Dodge: Dodged            |     3 |     6 |     1 ||    10
       Rpst.: Falchion   |       |     5 |       ||     5

Vault maps used:
D:        the_violet_keep_of_menkaure

Table legend:
 A = Turns spent in this place as a percentage of turns spent in the entire game.
 B = Non-inter-level travel turns spent in this place as a percentage of non-inter-level travel turns spent in the entire game.
 C = Inter-level travel turns spent in this place as a percentage of turns spent in this place.
 D = Turns resting spent in this place as a percentage of non-inter-level travel turns spent in this place.
 E = Turns spent auto-exploring this place as a percentage of non-inter-level travel turns spent in this place.
 F = Non-inter-level travel turns spent in this place divided by the number of levels of this place that you've seen.
                   A       B       C       D       E      F
               +-------+-------+-------+-------+-------+----------------------
         Total | 100.0 | 100.0 |   0.0 |   7.7 |   0.0 |  65.0
       Dungeon | 100.0 | 100.0 |   0.0 |   7.7 |   0.0 |  65.0
               +-------+-------+-------+-------+-------+----------------------

Table legend:
 A = Kills in this place as a percentage of kills in entire the game.
 B = Kills by you in this place as a percentage of kills by you in the entire game.
 C = Kills by friends in this place as a percentage of kills by friends in the entire game.
 D = Other kills in this place as a percentage of other kills in the entire game.
 E = Experience gained in this place as a percentage of experience gained in the entire game.
 F = Experience gained in this place divided by the number of levels of this place that you have seen.
                   A       B       C       D       E      F
               +-------+-------+-------+-------+-------+----------------------
         Total | 100.0 | 100.0 |  -nan |  -nan | 100.0 | 806.0
       Dungeon | 100.0 | 100.0 |  -nan |  -nan | 100.0 | 806.0
               +-------+-------+-------+-------+-------+----------------------
